 Dungeon Crawl Stone Soup version 0.20.1-1-g8b1a95d66d (webtiles) character file.

178 Jynx the Distorting Demonspawn (level 5, 0/41 HPs)
             Began as a Demonspawn Abyssal Knight on Dec 20, 2017.
             Was a Believer of Lugonu.
             Slain by Purgy (2 damage)
             ... in a sewer.
             The game lasted 00:06:33 (2588 turns).

Jynx the Distorting Demonspawn (DsAK)               Turns: 2588, Time: 00:06:34

Health: 0/41       AC:  9    Str: 14    XL:     5   Next: 32%
Magic:  8/8        EV:  6    Int: 13    God:    Lugonu [**....]
Gold:   82         SH:  0    Dex: 12    Spells: 4/4 levels left

rFire    . . .     SeeInvis .   (no weapon)
rCold    . . .     Gourm    .   (no shield)
rNeg     + . .     Faith    .   s - +0 chain mail
rPois    .         Spirit   .   m - +0 helmet
rElec    .         Reflect  .   (no cloak)
rCorr    .         Harm     .   (no gloves)
MR       .....                  (no boots)
Stlth    ..........             (no amulet)
Regen    0.2/turn               e - ring of positive energy
MPRegen  0.2/turn               (no ring)

@: very slow
A: hooves 2, powered by death 1, rot immunity
a: Depart the Abyss, Bend Space, Renounce Religion


You were in a sewer.
You worshipped Lugonu.
Lugonu was pleased with you.
You were hungry.

You visited 1 branch of the dungeon, and saw 3 of its levels.
You visited the Abyss 1 time.
You also visited: Sewer.

You collected 82 gold pieces.

Inventory:

Hand Weapons
 a - a +1 hand axe
Armour
 m - a +0 helmet (worn)
 s - a +0 chain mail (worn)
Jewellery
 e - a ring of positive energy (left hand)
Wands
 r - a wand of random effects (30/48)
Scrolls
 b - a scroll of identify
 g - a scroll of teleportation
 o - a scroll of fear {unknown}
 q - 2 scrolls of enchant armour {unknown}
 t - a scroll of remove curse {unknown}
 u - a scroll of fog {unknown}
Potions
 d - a potion of lignification {unknown}
 f - 3 potions of haste {unknown}
 h - a potion of heal wounds
 i - a potion of agility {unknown}
 j - a potion of degeneration {unknown}
 k - 2 potions of curing {unknown}
 n - a potion of might {unknown}
 p - 3 potions of flight {unknown}
 v - 2 potions of brilliance {unknown}
 w - 2 potions of magic {unknown}
Comestibles
 c - 4 bread rations
 l - a chunk of flesh


   Skills:
 + Level 3.6 Fighting
 * Level 4.0 Axes
 - Level 1.7 Armour
 - Level 0.8 Dodging
 + Level 4.2 Invocations


You had 4 spell levels left.
You didn't know any spells.

Dungeon Overview and Level Annotations

Branches:
Dungeon (3/15)

Altars:
Ashenzari
Cheibriados
Dithmenos

Annotations:
Sewer Purgy


Innate Abilities, Weirdness & Mutations

You have hoof-like feet.
You regenerate a little health from kills.
You are immune to rotting.


Message History

Moving in this stuff is going to be slow.
You enter the shallow water.
Moving in this stuff is going to be slow.
Purgy bites you. Purgy claws you but does no damage. x2
Some of the chunks of flesh in your inventory have rotted away.
Purgy bites you.
* * * LOW HITPOINT WARNING * * *
Purgy claws you but does no damage. x2
You enter the shallow water.
Moving in this stuff is going to be slow.
Purgy bites you.
* * * LOW HITPOINT WARNING * * *
Purgy barely misses you. Purgy claws you but does no damage.
Purgy bites you but does no damage. Purgy claws you but does no damage. x2
Purgy bites you.
* * * LOW HITPOINT WARNING * * *
Purgy claws you.
* * * LOW HITPOINT WARNING * * *
Purgy claws you.
You die...

#≈≈≈≈≈≈≈≈≈≈≈≈≈†.##
###.≈≈≈≈≈≈≈
#≈≈≈≈≈≈≈≈≈≈≈.####
#≈≈≈≈≈≈≈≈
≈≈≈≈≈≈≈≈≈...##
####≈≈≈≈≈
≈≈≈≈≈≈≈≈≈#### #..≈≈≈
≈≈≈≈≈≈≈..# ###≈≈≈
≈≈≈≈≈≈≈≈≈## #.≈≈≈
≈≈≈≈≈≈≈≈≈# #####
#.≈≈≈
#≈≈≈≈≈≈≈.#######...#
##.≈≈≈
#≈≈≈≈≈≈≈≈≈≈.≈≈T@≈∩.#
###.≈≈≈≈
#≈≈≈≈≈≈≈≈#######...#
#.∩≈≈≈≈≈ #≈≈≈≈≈≈≈≈.#
##### ##∩≈≈≈≈≈
#≈≈≈≈≈≈≈.## ##.≈≈≈≈
≈≈≈≈≈≈≈≈### ##≈≈≈≈
≈≈≈≈≈≈≈≈..# ≈≈≈≈≈
≈≈≈≈≈≈≈≈≈≈# # ≈≈≈≈≈
≈≈≈≈≈≈≈≈≈≈##.# ≈≈≈≈
≈≈≈≈≈≈≈≈≈≈≈.≈# ≈≈≈


You could see Purgy.

Vanquished Creatures
  Natasha (thrice) (D:2)
  Robin (D:2)
  2 adders
  A worm (D:2)
  A dart slug (D:3)
  5 leopard geckos
  8 giant cockroaches
  10 goblins
  5 hobgoblins
  6 jackals
  2 kobolds
  4 bats (D:1)
  8 frilled lizards
  9 rats
65 creatures vanquished.

Notes
Turn   | Place    | Note
-------+----------+-------------------------------------------
     0 | Abyss:1  | Jynx the Demonspawn Abyssal Knight began the quest for the Orb.
     0 | Abyss:1  | Reached XP level 1. HP: 18/18 MP: 2/2
     6 | Abyss:1  | Found a corrupted altar of Lugonu.
    19 | D:1      | Escaped the Abyss
   415 | D:1      | Gained mutation: You regenerate a little health from kills. [demonic ancestry]
   415 | D:1      | Reached XP level 2. HP: 22/24 MP: 4/4
   797 | D:1      | Reached ** piety under Lugonu
  1308 | D:2      | Gained mutation: You are immune to rotting. [demonic ancestry]
  1308 | D:2      | Reached XP level 3. HP: 20/29 MP: 5/5
  1422 | D:2      | Noticed Robin
  1442 | D:2      | Killed Robin
  1486 | D:2      | Noticed Natasha
  1494 | D:2      | Killed Natasha
  1494 | D:2      | Gained mutation: You have large cloven feet. [demonic ancestry]
  1494 | D:2      | Reached XP level 4. HP: 29/35 MP: 6/6
  1581 | D:2      | Found a shadowy altar of Dithmenos.
  1782 | D:2      | Noticed Natasha
  1785 | D:2      | Killed Natasha
  1897 | D:2      | Noticed Natasha
  1909 | D:2      | Killed Natasha
  1909 | D:2      | Gained mutation: You have hoof-like feet. [demonic ancestry]
  1909 | D:2      | Reached XP level 5. HP: 16/41 MP: 6/8
  2262 | D:3      | Found a snail-covered altar of Cheibriados.
  2429 | D:3      | Found a shattered altar of Ashenzari.
  2441 | D:3      | Found a glowing drain.
  2457 | Sewer    | Entered a sewer
  2550 | Sewer    | Noticed Purgy
  2588 | Sewer    | HP: 2/41 [Purgy (2)]
  2588 | Sewer    | Slain by Purgy

Skill      XL: |  1  2  3  4  5 |
---------------+----------------+-----
Axes           | 2 3 4 |  4.0
Invocations    | 3 4 |  4.2
Fighting       | |  3.6
Armour         | |  1.7
Dodging        | |  0.8

Action                   |  1- 3 |  4- 6 || total
-------------------------+-------+-------++-------
Melee: Hand axe          |    91 |   114 ||   205
       Kick              |       |    30 ||    30
  Use: Scroll            |     1 |     2 ||     3
 Stab: Sleeping          |     1 |       ||     1
  Eat: Chunk             |     2 |     3 ||     5
Armor: Leather armour    |    25 |     6 ||    31
       Chain mail        |       |    82 ||    82
Dodge: Dodged            |    45 |    72 ||   117
